 Dungeon Crawl Stone Soup version 0.18.1-8-gdd0e5ea (webtiles) character file.

26 M4edhros the Stinger (level 3, -2/24 HPs)
             Began as a Formicid Venom Mage on June 1, 2016.
             Killed by divine providence
             ... invoked by an orc priest
              (14 damage)
             ... on level 3 of the Dungeon.
             The game lasted 00:03:20 (466 turns).

M4edhros the Stinger (Formicid Venom Mage)           Turns: 466, Time: 00:03:20

Health: -2/24      AC:  2    Str: 12    XL:     3   Next: 22%
Magic:  2/6        EV: 12    Int: 15    God:
Gold:   73         SH:  0    Dex: 11    Spells: 1 memorised, 5 levels left

rFire  . . .     SeeInvis +     (no weapon)
rCold  . . .     Gourm    .     a - +0 robe
rNeg   . . .     Faith    .     (no shield)
rPois  .         Spirit   .     (helmet unavailable)
rElec  .         Dismiss  .     (no cloak)
rCorr  .         Reflect  .     (no gloves)
SustAt .         Harm     .     (no boots)
MR     +....                    (no amulet)
Stlth  ++........               (no ring)
                                k - ring of protection from magic

@: somewhat resistant to hostile enchantments, unstealthy
A: permanent stasis, dig shafts and tunnels, four strong arms, antennae 3
a: Dig, Shaft Self


You were on level 3 of the Dungeon.
You were not hungry.

You visited 1 branch of the dungeon, and saw 3 of its levels.

You collected 73 gold pieces.

Inventory:

Armour
 a - a +0 robe (worn)
Jewellery
 k - a ring of protection from magic (left hand)
Scrolls
 d - a scroll of teleportation {unknown}
 f - a scroll of magic mapping {unknown}
 g - a scroll of remove curse {unknown}
 j - a scroll of enchant weapon {unknown}
 l - 3 scrolls of identify {unknown}
 o - a scroll of random uselessness {unknown}
Potions
 e - a potion of lignification {unknown}
 i - a potion of invisibility {unknown}
 n - a potion of curing {unknown}
Books
 b - a Young Poisoner's Handbook

   Spells                             Type                      Level
   a - Sting                          Conjuration/Poison           1
   b - Cure Poison                    Poison                       2
   c - Mephitic Cloud                 Conjuration/Poison/Air       3
   d - Olgreb's Toxic Radiance        Poison                       4
   e - Venom Bolt                     Conjuration/Poison           5
Comestibles
 c - 2 bread rations
 h - a meat ration
 m - a beef jerky


   Skills:
 - Level 1.7 Dodging
 - Level 2.4 Stealth
 - Level 2.1 Spellcasting
 + Level 1.0 Conjurations
 + Level 6.2 Poison Magic


You had 5 spell levels left.
You knew the following spells:

 Your Spells              Type           Power        Failure   Level  Hunger
a - Sting                 Conj/Pois      ##..         6%          1    #......


Dungeon Overview and Level Annotations

Branches:
Dungeon (3/15)

Altars:


Innate Abilities, Weirdness & Mutations

You are under a permanent stasis effect.
You can dig through walls and to a lower floor.
Your four strong arms can wield two-handed weapons with a shield.
You have a pair of large antennae on your head (SInv).


Message History

An orc comes into view.
The orc priest shouts!
Casting: Sting
Confirm with . or Enter, or press ? or * to list all spells.
Aiming: Sting
Press: ? - help, Shift-Dir - straight line, f - orc
Aim: an orc, wielding a club (hasn't noticed you)
The sting misses the orc.
The sting misses the orc priest.
The orc shouts! x3
The orc priest looks braver for a moment.
Casting: Sting
Confirm with . or Enter, or press ? or * to list all spells.
Aiming: Sting
Press: ? - help, Shift-Dir - straight line, f - orc priest, p - orc
Aim: an orc priest, wielding a club and wearing a ring mail
Okay, then.
The orc priest mumbles some strange prayers to Beogh against you.
Beogh smites you!
Ouch! That really hurt!
You die...

...#### ....... .......
########## .......
##......... ..o.o..
#..........
..o...o##.#.#.#....#
.....o..@..........+
..........#.#.#....###+#.
......###................
..........#.#.#.........
.#..#.###............. #.
###........###### #
#........##...
.#####........##.###
....................


You could see an orc priest and 4 orcs.

Vanquished Creatures
  An adder (D:3)
  A dart slug (D:1)
  4 goblins
  2 quokkas (D:3)
  A bat (D:1)
  3 giant newts (D:1)
  3 kobolds
  2 rats
17 creatures vanquished.

Notes
Turn   | Place    | Note
--------------------------------------------------------------
     0 | D:1      | M4edhros the Formicid Venom Mage began the quest for the Orb.
     0 | D:1      | Reached XP level 1. HP: 13/13 MP: 3/3
   160 | D:2      | Reached XP level 2. HP: 7/19 MP: 0/5
   252 | D:1      | Reached skill level 6 in Poison Magic
   371 | D:3      | Reached XP level 3. HP: 10/24 MP: 1/6
   460 | D:3      | Reached skill level 1 in Conjurations
   466 | D:3      | Killed from afar by an orc priest

Skill      XL: |  1  2  3 |
---------------+----------+-----
Poison Magic   | 6 |  6.2
Conjurations   | 1 |  1.0
Dodging        | |  1.7
Stealth        | |  2.4
Spellcasting   | |  2.1

Action                   || total
-------------------------++-------
Melee: Unarmed           ||    29
 Cast: Sting             ||    29
Armor: Robe              ||     2
Dodge: Dodged            ||    25
